AoeStats
← toomuchdog

Arena

509538897Analyzed
2v2 RM · 6d ago on Sep 27, 2026· 49m 51s· 4 players
Game mode
Random Map
Map size
Medium (4 player)
Population
200
Speed
Normal
Resources
Standard
Victory
Conquest
Starting age
Dark Age
Ending age
Imperial Age
RankedLock teamsTeams togetherTeam positionsShared explorationLock speedFull tech treeHidden civsTurbo modeCheats
Victory
Defeat
🇦🇷 Varangians · Argentina
1330
+14
🇦🇷 Turks · Argentina
1308
+15
🇨🇦 Danes · Canada
1328
-16
🇨🇦 Burmese · Canada
1253
-13
twitch.tv/aceinspace93
5:48 Loom
9:23 Feudal Age
13:10 Castle Age
14:11 Scale Mail Armor
21:19 Redemption
23:35 Gold Mining
25:22 Forging
28:04 Chain Mail Armor
30:13 Wheelbarrow
32:37 Iron Casting
35:49 Hand Cart
36:23 Scale Barding Armor
38:55 Stone Mining
39:41 Gold Shaft Mining
38:48 Horse Collar
40:20 Bloodlines
42:46 Imperial Age
42:58 Cavalier
45:32 Chain Barding Armor
48:00 Plate Barding Armor
47:44 Fletching
48:42 Heavy Plow
49:54 Bodkin Arrow
toomuchdog
5:33 Loom
10:53 Feudal Age
14:37 Castle Age
12:50 Double-Bit Axe
15:48 Horse Collar
16:19 Bow Saw
19:20 Scale Mail Armor
20:17 Squires
21:42 Arson
22:42 Forging
23:44 Chain Mail Armor
26:34 Wheelbarrow
28:50 Hand Cart
29:52 Gold Mining
32:49 Imperial Age
30:27 Fletching
30:39 Padded Archer Armor
31:20 Elite Skirmisher
32:50 Bodkin Arrow
33:29 Ballistics
33:13 Town Watch
34:05 Leather Archer Armor
33:56 Heavy Plow
34:34 Gold Shaft Mining
33:49 Stone Mining
34:26 Loom
35:12 Bracer
35:43 Ring Archer Armor
36:19 Chemistry
36:33 Conscription
36:37 Thumb Ring
38:52 Ring Archer Armor
40:06 Plate Mail Armor
39:58 Elite Varangian Guard
41:35 Iron Casting
GabrielBatisKuka
10:15 Feudal Age
14:44 Castle Age
13:01 Double-Bit Axe
12:57 Horse Collar
13:48 Gold Mining
15:15 Forging
16:14 Town Watch
18:24 Husbandry
18:50 Loom
31:16 Fletching
34:43 Bow Saw
36:09 Heavy Plow
36:50 Wheelbarrow
37:16 Iron Casting
37:25 Scale Barding Armor
37:16 Light Cavalry
38:39 Fortified Wall
39:06 Bloodlines
40:10 Hand Cart
40:39 Chain Barding Armor
43:25 Imperial Age
41:59 Bodkin Arrow
42:18 Masonry
42:31 Ballistics
42:25 Stone Mining
43:47 Stone Shaft Mining
43:41 Town Patrol
43:27 Hussar
44:43 Plate Barding Armor
45:20 Blast Furnace
44:19 Cavalier
48:13 Conscription
47:15 Pikeman
47:56 Squires
47:58 Scale Mail Armor
49:13 Two-Man Saw
48:06 Arson
49:14 Chain Mail Armor
48:59 Vendel Legacy
49:07 Halberdier
Minisaurr
11:45 Feudal Age
12:47 Double-Bit Axe
12:44 Horse Collar
15:19 Castle Age
15:00 Stone Mining
16:39 Bow Saw
21:25 Fletching
22:25 Bodkin Arrow
25:57 Ballistics
30:15 Imperial Age
29:16 Wheelbarrow
28:27 Loom
28:27 Town Watch
31:25 Bracer
31:34 Padded Archer Armor
32:03 Parthian Tactics
32:00 Heavy Cavalry Archer
32:47 Thumb Ring
33:25 Scale Barding Armor
33:31 Forging
34:36 Gold Mining
35:04 Husbandry
35:17 Bloodlines
36:04 Leather Archer Armor
37:02 Chain Barding Armor
39:01 Plate Barding Armor
39:02 Iron Casting
39:19 Ring Archer Armor
39:54 Bombard Tower
40:26 Conscription
42:20 Hand Cart
42:05 Town Patrol
43:07 Blast Furnace
44:08 Scale Mail Armor
45:01 Gold Mining
46:13 Two-Man Saw
47:28 Sipahi
49:46 Coinage
49:26 Guilds
49:17 Caravan
Connection lost

Rejoining the realm…

Still unreachable

The connection could not be restored.

Session expired

The server has moved on; the page needs a fresh start.